 Dungeon Crawl Stone Soup version 0.30.0-19-gbf45117a57 (webtiles) character file.

Game seed: 13003494426093841050

128 qw the Chopper (level 5, -3/32 HPs)
             Began as a Gargoyle Fighter on May 25, 2023.
             Slain by a gnoll
             ... wielding a +0 spear
              (6 damage)
             ... on level 3 of the Dungeon.
             The game lasted 00:00:49 (1541 turns).

qw the Chopper (Gargoyle Fighter)                   Turns: 1541, Time: 00:00:50

Health: -3/32      AC: 13    Str: 21    XL:     5   Next: 11%
Magic:  5/5        EV:  7    Int:  9    God:
Gold:   93         SH:  4    Dex:  9    Spells: 4/4 levels left

rFire   . . .        Y - +0 war axe (elec)
rCold   . . .        c - +0 buckler
rNeg    + . .        a - +0 chain mail
rPois   inf          (no helmet)
rElec   +            (no cloak)
rCorr   .            (no gloves)
SInv    .            (no boots)
Will    .....        l - amulet of regeneration Stlth
                     (no ring)
HPRegen 1.05/turn    (no ring)
MPRegen 0.09/turn

%: no passive effects
@: no status effects
A: sickness immunity, AC +4, negative energy resistance 1, electricity
resistance, torment resistance 1, petrification resistance
a: no special abilities


You were on level 3 of the Dungeon.
You visited 1 branch of the dungeon, and saw 3 of its levels.

You collected 93 gold pieces.


Innate Abilities, Weirdness & Mutations

You are immune to sickness and miasma.
Your stone body is resilient. (AC +4)
You are immune to poison.
You resist negative energy. (rN+)
You are resistant to electric shocks. (rElec)
You are resistant to unholy torment.
You are immune to petrification.


   Skills:
 - Level 3.2 Fighting
 + Level 4.7 Axes
 - Level 3.2 Armour
 - Level 3.2 Shields


You had 4 spell levels left.
You didn't know any spells.
Your spell library was empty.

Inventory:

Hand Weapons
 k - a +0 whip
 Y - a +0 war axe of electrocution (weapon)
Armour
 a - a +0 chain mail (worn)
 c - a +0 buckler (worn)
Jewellery
 l - an amulet of regeneration (around neck)
Scrolls
 b - a scroll of enchant weapon {unknown}
Potions
 d - a potion of might
 e - a potion of curing {unknown}
 f - a potion of haste {unknown}
 j - a potion of resistance {unknown}

Dungeon Overview and Level Annotations

Branches:
Dungeon (3/15)

Altars:
Ashenzari


Message History

The gnoll hits you but does no damage. You block the orc's attack.
Something hits you.
The gnoll hits you from afar with a +0 spear!
The orc hits you but does no damage.
You have reached level 5!
You slash the orc!
You kill the orc!
Something hits you but does no damage. The gnoll hits you but does no damage.
Found a scroll of teleportation and 20 gold pieces.
The gnoll hits you with a +0 spear. Something hits you.
You hit the gnoll.
The gnoll is moderately wounded.
You hit something. Something hits you but does no damage.
The gnoll hits you but does no damage. The giant cockroach barely misses you.
You hit the gnoll.
The gnoll is almost dead.
You miss something. You hit the giant cockroach.
You kill the giant cockroach!
Something hits you but does no damage.
The gnoll hits you but does no damage. x2
Something hits you!
You hit the gnoll.
You kill the gnoll!
You barely miss something. Something hits you.
You closely miss something. Something hits you but does no damage.
You barely miss something.
Something hits you but does no damage. x2
You slash something! Something hits you!
You closely miss something. Something hits you but does no damage.
You closely miss something. Something hits you.
You miss something. You block something's attack.
You barely miss something. Something hits you but does no damage.
Something hits you.
You die...

... ...# # #.###.#.. #.
........ . #.###.# #
##.#.#$#.#.# ##(..
?###..#.###.#.# #...
......))........ #... >
##..#@###.#.# #..#
.####...{).))...# #..#
..........#..###.#
#..##..####...###.###.#
#............# ##....#
#.....# ##.... ##..####
#..#### #.#.# #......#
#..# #.#.##.##.##.#
#..######.#..### #.# .#


There were no monsters in sight!

Vanquished Creatures
  A hound (D:1)
  2 gnolls (D:3)
  3 adders (D:2)
  A worm (D:2)
  2 dart slugs
  An orc (D:3)
  6 endoplasms
  2 giant cockroaches
  3 goblins (D:1)
  2 hobgoblins (D:1)
  4 jackals
  4 kobolds
  3 quokkas
  5 bats
  4 frilled lizards
  A rat (D:1)
44 creatures vanquished.

Notes
Turn   | Place    | Note
-------+----------+-------------------------------------------
     0 | D:1      | qw the Gargoyle Fighter began the quest for the Orb.
     0 | D:1      | Reached XP level 1. HP: 14/14 MP: 1/1
     0 | D:1      | 0 ||| qw: Version: 0.2-a-98-g5d7165a
     0 | D:1      | 0 ||| qw: Game counter: 90
     0 | D:1      | 0 ||| qw: Always use a shield: true
     0 | D:1      | 0 ||| qw: God list: Okawaru
     0 | D:1      | 0 ||| qw: Allow faded altars: false
     0 | D:1      | 0 ||| qw: Do Orc after D:15 true
     0 | D:1      | 0 ||| qw: Do second Lair branch before Depths: true
     0 | D:1      | 0 ||| qw: Lair rune preference: random
     0 | D:1      | 0 ||| qw: Plans: Normal, Zot:1-4, God:TSO, Crypt, Tomb,
                  | Pan, Slime:5, Hells, Abyss, Win
     0 | D:1      | 0 ||| PLANNING D:1-11
    47 | D:1      | Reached skill level 2 in Axes
   176 | D:1      | Reached XP level 2. HP: 19/19 MP: 2/2
   183 | D:1      | Found a faded altar of an unknown god.
   199 | D:1      | 199 ||| Stepping ~*~*~tactically~*~*~ (stealth).
   228 | D:1      | 228 ||| Stepping ~*~*~tactically~*~*~ (stealth).
   272 | D:1      | 272 ||| Stepping ~*~*~tactically~*~*~ (stealth).
   275 | D:1      | 275 ||| Stepping ~*~*~tactically~*~*~ (stealth).
   312 | D:1      | Reached skill level 3 in Axes
   373 | D:1      | Reached XP level 3. HP: 22/23 MP: 3/3
   581 | D:1      | 581 ||| DROPPING amulet of faith.
   582 | D:1      | 582 ||| READING scroll labelled KAUVEAMNIZ.
   599 | D:1      | 599 ||| READING scroll labelled TAAVVU RAUME.
   695 | D:2      | 695 ||| Stepping ~*~*~tactically~*~*~ (stealth).
   791 | D:2      | 791 ||| STAIRDANCE
   795 | D:1      | Reached XP level 4. HP: 18/28 MP: 4/4
   928 | D:2      | 928 ||| Stepping ~*~*~tactically~*~*~ (stealth).
   999 | D:2      | 999 ||| DROPPING +0 club.
  1137 | D:2      | Reached skill level 4 in Axes
  1218 | D:2      | Found a broken altar of Ashenzari.
  1400 | D:2      | 1400 ||| UPGRADING to +0 chain mail.
  1410 | D:2      | 1410 ||| DROPPING +0 scale mail.
  1411 | D:2      | 1411 ||| UPGRADING to amulet of regeneration.
  1416 | D:2      | 1416 ||| READING scroll labelled SIYCZYCRUE.
  1417 | D:2      | 1417 ||| READING scroll labelled XICWOL SISMUR.
  1418 | D:2      | 1418 ||| READING scroll labelled MEROVO LIUHAFU.
  1445 | D:3      | 1445 ||| Stepping ~*~*~tactically~*~*~ (stealth).
  1446 | D:3      | 1446 ||| Stepping ~*~*~tactically~*~*~ (stealth).
  1447 | D:3      | 1447 ||| Stepping ~*~*~tactically~*~*~ (stealth).
  1448 | D:3      | 1448 ||| Stepping ~*~*~tactically~*~*~ (stealth).
  1530 | D:3      | Reached XP level 5. HP: 16/32 MP: 5/5
  1534 | D:3      | HP: 7/32 [something (5)]
  1537 | D:3      | HP: 3/32 [something (8)]
  1539 | D:3      | HP: 1/32 [something (5)]
  1541 | D:3      | Slain by a gnoll

Levels and vault maps discovered:
D:1:      dpeg_arrival_erosion, layout_basic,
          shapermc_ecumenical_altar_acropolis
D:2:      layout_loops_ring, basic_altar
D:3:      layout_loops_ring, chequers_serial_rivers_small_3, minmay_surrounded,
          uniq_jessica

Skill      XL: |  1  2  3  4 |
---------------+-------------+-----
Axes           | 2 3 4 |  4.7
Fighting       | |  3.2
Armour         | |  3.2
Shields        | |  3.2

Action                     |  1- 3 |  4- 6 || total
---------------------------+-------+-------++-------
  Melee: War axe           |    69 |    53 ||   122
    Use: Scroll            |     2 |     3 ||     5
 Armour: Scale mail        |    42 |    13 ||    55
         Chain mail        |       |    34 ||    34
  Dodge: Dodged            |    28 |    23 ||    51
  Block: Buckler           |    10 |    12 ||    22

Table legend:
 A = Non-vault XP
 B = Vault XP
 C = Vault XP percentage of total XP
 D = Non-vault monster count
 E = Vault monster count
 F = Vault count percentage of total count
                 A         B        C        D         E       F
            +---------+---------+-------+---------+---------+-------
      Total |     177 |       6 |   3.3 |      40 |       4 |   9.1
            +---------+---------+-------+---------+---------+-------
        D:1 |      80 |       0 |   0.0 |      21 |       0 |   0.0
        D:2 |      61 |       0 |   0.0 |      12 |       0 |   0.0
        D:3 |      36 |       6 |  14.3 |       7 |       4 |  36.4
            +---------+---------+-------+---------+---------+-------
